[ AOE2 MATCH · #481909276 ]
UnrankedKhmer vs Britons
Player's team · WIN
Rival team · LOSS
[ REPLAY ANALYSIS · EXTRACTED FROM THE RECORDED GAME ]
Feudal
11:24
Castle
18:56
Imperial
31:30
| APM avg | 20.5 |
| APM peak | 58 |
| eAPM avg | 13.0 |
| Villagers / military | 136 / 159 |
Focus
⚔️ 26.2% · 🌾 73.8%
Scorpion ×82 · Battle Elephant ×65 · Trebuchet (Packed) ×6 · Spearman ×3 · Monk ×2 · Battering Ram ×1
Feudal
9:47
Castle
21:44
Imperial
34:31
| APM avg | 16.4 |
| APM peak | 40 |
| eAPM avg | 11.8 |
| Villagers / military | 146 / 220 |
Focus
⚔️ 30.7% · 🌾 69.3%
Spearman ×95 · Longbowman ×92 · Skirmisher ×22 · Monk ×6 · Trebuchet (Packed) ×4 · Scout Cavalry ×1
Match map
Initial resources + every placement click. Lines = walls · curves = elevation contours. ◆ gold · ⬟ stone · ● berries · ✦ relic · ◌ wall gap
Your base· Open — 7t gap
Tarek's base· Open — opponent sealed themselves in
Smoothed initial terrain · ◌ = detected wall gap · hover for details
Inputs per minute
— bjoern4tel - - Tarek
Build order — bjoern4tel
First 150 of 355 actions detected
| 0:01 | Create | Villager (Male) |
| 0:01 | Create | Villager (Male) |
| 0:02 | Create | Villager (Male) |
| 0:04 | Build | House |
| 0:05 | Build | House |
| 0:06 | Create | Villager (Male) |
| 1:51 | Build | Lumber Camp |
| 1:53 | Create | Villager (Male) |
| 2:16 | Create | Villager (Male) |
| 2:39 | Create | Villager (Male) |
| 3:04 | Create | Villager (Male) |
| 3:14 | Build | House |
| 3:23 | Create | Villager (Male) |
| 3:46 | Create | Villager (Male) |
| 4:10 | Build | Mill |
| 4:35 | Create | Villager (Male) |
| 4:49 | Create | Villager (Male) |
| 5:28 | Create | Villager (Male) |
| 5:54 | Create | Villager (Male) |
| 5:54 | Create | Villager (Male) |
| 6:15 | Create | Villager (Male) |
| 6:23 | Build | House |
| 6:56 | Build | Mining Camp |
| 6:59 | Create | Villager (Male) |
| 7:15 | Create | Villager (Male) |
| 7:16 | Create | Villager (Male) |
| 7:27 | Build | Palisade Wall |
| 7:42 | Create | Villager (Male) |
| 8:28 | Create | Villager (Male) |
| 8:47 | Research | Feudal Age |
| 8:54 | Create | Villager (Male) |
| 9:27 | Create | Villager (Male) |
| 9:40 | Build | Barracks |
| 9:45 | Create | Villager (Male) |
| 10:07 | Build | Mill |
| 10:17 | Build | House |
| 10:19 | Build | House |
| 10:41 | Build | House |
| 10:47 | Build | House |
| 11:24 | Age | Feudal Age |
| 11:29 | Build | Blacksmith |
| 11:32 | Create | Villager (Male) |
| 11:32 | Create | Villager (Male) |
| 11:52 | Create | Villager (Male) |
| 11:57 | Build | Farm |
| 12:19 | Build | Palisade Wall |
| 12:34 | Build | Lumber Camp |
| 12:42 | Create | Villager (Male) |
| 12:51 | Build | House |
| 12:56 | Create | Villager (Male) |
| 13:04 | Create | Villager (Male) |
| 13:11 | Build | Farm |
| 13:23 | Build | Palisade Wall |
| 13:25 | Build | Palisade Wall |
| 13:28 | Create | Villager (Male) |
| 13:33 | Build | Farm |
| 13:38 | Build | Farm |
| 13:53 | Build | Palisade Wall |
| 13:57 | Create | Villager (Male) |
| 14:01 | Build | Farm |
| 14:07 | Research | Double-Bit Axe |
| 14:30 | Create | Villager (Male) |
| 14:36 | Build | Farm |
| 14:47 | Build | Stable |
| 15:00 | Build | Farm |
| 15:05 | Build | Farm |
| 15:11 | Build | Farm |
| 15:17 | Build | House |
| 15:19 | Create | Villager (Male) |
| 15:57 | Build | Palisade Wall |
| 16:06 | Build | House |
| 16:16 | Research | Castle Age |
| 16:19 | Build | Farm |
| 16:25 | Build | Farm |
| 16:33 | Build | House |
| 16:35 | Build | House |
| 16:36 | Build | House |
| 16:45 | Build | Farm |
| 16:49 | Build | Farm |
| 16:49 | Build | Farm |
| 17:18 | Build | House |
| 17:32 | Build | Farm |
| 17:33 | Build | Farm |
| 17:38 | Create | Spearman |
| 17:45 | Create | Villager (Male) |
| 17:54 | Build | Archery Range |
| 18:09 | Create | Villager (Male) |
| 18:15 | Build | House |
| 18:17 | Build | House |
| 18:23 | Create | Villager (Male) |
| 18:31 | Research | Horse Collar |
| 18:51 | Create | Spearman |
| 18:56 | Age | Castle Age |
| 18:57 | Build | House |
| 19:04 | Create | Villager (Male) |
| 19:12 | Build | Town Center |
| 19:33 | Create | Battle Elephant |
| 19:33 | Create | Battle Elephant |
| 19:34 | Create | Battle Elephant |
| 19:34 | Create | Battle Elephant |
| 19:42 | Create | Villager (Male) |
| 19:43 | Create | Villager (Male) |
| 19:47 | Build | Farm |
| 20:21 | Create | Villager (Male) |
| 20:21 | Create | Villager (Male) |
| 20:22 | Create | Villager (Male) |
| 20:22 | Create | Villager (Male) |
| 20:27 | Build | Farm |
| 20:27 | Build | Farm |
| 20:27 | Build | Farm |
| 20:32 | Create | Spearman |
| 20:41 | Research | Scale Mail Armor |
| 20:48 | Build | House |
| 20:51 | Build | House |
| 20:53 | Build | House |
| 20:55 | Build | House |
| 20:58 | Create | Villager (Male) |
| 21:05 | Create | Villager (Male) |
| 21:09 | Build | Farm |
| 21:10 | Create | Villager (Male) |
| 21:10 | Create | Villager (Male) |
| 21:26 | Build | Mining Camp |
| 21:49 | Create | Villager (Male) |
| 21:55 | Build | Farm |
| 22:01 | Research | Heavy Plow |
| 22:28 | Build | Market |
| 22:36 | Build | Market |
| 22:45 | Build | Market |
| 22:50 | Create | Villager (Male) |
| 22:51 | Create | Villager (Male) |
| 22:52 | Create | Villager (Male) |
| 22:53 | Create | Villager (Male) |
| 22:53 | Create | Villager (Male) |
| 22:53 | Create | Villager (Male) |
| 23:05 | Create | Villager (Male) |
| 24:00 | Build | Town Center |
| 24:06 | Research | Bow Saw |
| 24:25 | Create | Villager (Male) |
| 24:25 | Create | Villager (Male) |
| 24:37 | Build | Farm |
| 24:37 | Build | Farm |
| 24:37 | Build | Farm |
| 24:37 | Build | Farm |
| 24:43 | Create | Villager (Male) |
| 24:46 | Create | Villager (Male) |
| 24:47 | Create | Villager (Male) |
| 24:49 | Create | Villager (Male) |
| 24:50 | Create | Villager (Male) |
| 25:10 | Build | University |
| 25:41 | Create | Villager (Male) |
Build order — Tarek
First 150 of 290 actions detected
| 0:01 | Create | Villager (Male) |
| 0:01 | Create | Villager (Male) |
| 0:02 | Create | Villager (Male) |
| 0:02 | Create | Villager (Male) |
| 0:02 | Create | Villager (Male) |
| 0:06 | Build | House |
| 0:09 | Build | House |
| 0:09 | Build | House |
| 1:55 | Create | Villager (Male) |
| 1:57 | Create | Villager (Male) |
| 2:29 | Create | Villager (Male) |
| 3:11 | Create | Villager (Male) |
| 3:11 | Create | Villager (Male) |
| 3:44 | Create | Villager (Male) |
| 3:45 | Create | Villager (Male) |
| 4:42 | Create | Villager (Male) |
| 4:42 | Create | Villager (Male) |
| 4:43 | Create | Villager (Male) |
| 4:43 | Create | Villager (Male) |
| 4:43 | Create | Villager (Male) |
| 5:36 | Build | Mill |
| 5:48 | Build | Lumber Camp |
| 6:31 | Create | Villager (Male) |
| 6:32 | Research | Loom |
| 6:51 | Research | Feudal Age |
| 7:18 | Build | Mining Camp |
| 9:47 | Age | Feudal Age |
| 9:50 | Research | Wheelbarrow |
| 9:52 | Research | Double-Bit Axe |
| 10:18 | Build | House |
| 10:19 | Build | House |
| 10:33 | Research | Town Watch |
| 10:37 | Research | Horse Collar |
| 11:17 | Create | Villager (Male) |
| 11:17 | Create | Villager (Male) |
| 11:17 | Create | Villager (Male) |
| 11:41 | Build | Farm |
| 11:43 | Build | Farm |
| 12:01 | Create | Villager (Male) |
| 12:01 | Create | Villager (Male) |
| 12:18 | Build | Farm |
| 12:24 | Build | Farm |
| 12:31 | Build | Farm |
| 12:53 | Build | Farm |
| 13:00 | Create | Villager (Male) |
| 13:00 | Create | Villager (Male) |
| 13:00 | Create | Villager (Male) |
| 13:13 | Build | Farm |
| 13:17 | Create | Villager (Male) |
| 13:23 | Build | House |
| 13:28 | Build | House |
| 13:33 | Build | Farm |
| 13:51 | Build | Farm |
| 13:54 | Create | Villager (Male) |
| 14:00 | Build | Farm |
| 14:10 | Build | Farm |
| 14:13 | Create | Villager (Male) |
| 14:36 | Build | Farm |
| 14:48 | Build | Barracks |
| 15:31 | Build | Stable |
| 15:38 | Build | Farm |
| 15:52 | Build | Farm |
| 15:55 | Create | Villager (Male) |
| 15:55 | Create | Villager (Male) |
| 16:01 | Build | House |
| 16:02 | Build | House |
| 16:06 | Create | Spearman |
| 16:07 | Create | Spearman |
| 16:27 | Build | Archery Range |
| 16:33 | Build | Farm |
| 16:38 | Build | Farm |
| 16:48 | Build | Farm |
| 16:50 | Create | Villager (Male) |
| 16:58 | Create | Spearman |
| 17:00 | Create | Scout Cavalry |
| 18:14 | Create | Villager (Male) |
| 18:39 | Create | Villager (Male) |
| 18:52 | Build | Farm |
| 18:55 | Research | Castle Age |
| 19:10 | Create | Skirmisher |
| 19:10 | Create | Skirmisher |
| 19:58 | Build | Mining Camp |
| 20:47 | Research | Stone Mining |
| 21:33 | Research | Gold Mining |
| 21:44 | Age | Castle Age |
| 21:47 | Build | Town Center |
| 21:55 | Build | Town Center |
| 22:08 | Research | Hand Cart |
| 22:10 | Research | Heavy Plow |
| 22:12 | Research | Bow Saw |
| 22:23 | Build | Monastery |
| 23:02 | Create | Villager (Male) ×3 |
| 23:10 | Build | Farm |
| 23:12 | Build | Farm |
| 23:15 | Build | Farm |
| 23:18 | Build | Farm |
| 23:28 | Create | Villager (Male) |
| 23:38 | Research | Fervor |
| 23:41 | Create | Monk |
| 23:42 | Research | Fervor |
| 23:48 | Create | Villager (Male) ×2 |
| 24:07 | Create | Villager (Male) ×2 |
| 24:11 | Build | Farm |
| 24:13 | Build | Farm |
| 24:22 | Build | Farm |
| 24:53 | Build | Farm |
| 24:58 | Research | Town Patrol |
| 25:00 | Create | Villager (Male) |
| 25:25 | Build | Castle |
| 25:32 | Create | Villager (Male) ×5 |
| 25:33 | Create | Villager (Male) ×2 |
| 26:03 | Create | Villager (Male) ×3 |
| 26:04 | Create | Villager (Male) ×3 |
| 26:11 | Build | Farm |
| 26:14 | Build | Farm |
| 27:04 | Build | House |
| 27:05 | Build | House |
| 27:35 | Create | Villager (Male) ×5 |
| 27:35 | Create | Villager (Male) ×5 |
| 27:35 | Create | Villager (Male) ×5 |
| 27:36 | Create | Villager (Male) ×3 |
| 27:54 | Build | Mining Camp |
| 27:59 | Research | Squires |
| 28:11 | Build | University |
| 28:17 | Build | House |
| 28:21 | Build | House |
| 28:22 | Build | House |
| 28:23 | Build | House |
| 28:27 | Build | Farm |
| 28:30 | Create | Villager (Male) ×5 |
| 29:08 | Create | Villager (Male) ×5 |
| 29:11 | Build | Farm |
| 29:23 | Build | Farm |
| 29:25 | Build | Farm |
| 29:28 | Build | Farm |
| 29:29 | Build | Farm |
| 29:31 | Build | Farm |
| 29:32 | Build | Farm |
| 29:34 | Build | Farm |
| 29:35 | Build | Farm |
| 29:39 | Build | Mill |
| 29:57 | Build | Farm |
| 30:51 | Research | Elite Skirmisher (upgrade) |
| 31:13 | Research | Imperial Age |
| 31:19 | Create | Villager (Male) ×2 |
| 31:29 | Research | Ballistics |
| 31:52 | Create | Villager (Male) ×5 |
| 31:52 | Create | Villager (Male) ×3 |
| 32:11 | Build | Stone Wall |
| 32:41 | Build | Archery Range |
Match timeline
| 7:27 | bjoern4tel · wall_segment Palisade Wall x6 |
| 9:40 | bjoern4tel · first_building Barracks |
| 9:47 | Tarek · age_up feudal |
| 11:24 | bjoern4tel · age_up feudal |
| 12:19 | bjoern4tel · wall_segment Palisade Wall x3 |
| 13:23 | bjoern4tel · wall_segment Palisade Wall x10 |
| 13:25 | bjoern4tel · wall_segment Palisade Wall x3 |
| 13:53 | bjoern4tel · wall_segment Palisade Wall x11 |
| 14:47 | bjoern4tel · first_building Stable |
| 14:48 | Tarek · first_building Barracks |
| 15:31 | Tarek · first_building Stable |
| 15:57 | bjoern4tel · wall_segment Palisade Wall x7 |
| 16:27 | Tarek · first_building Archery Range |
| 17:54 | bjoern4tel · first_building Archery Range |
| 18:56 | bjoern4tel · age_up castle |
| 21:44 | Tarek · age_up castle |
| 22:23 | Tarek · first_building Monastery |
| 25:25 | Tarek · first_building Castle |
| 26:30 | bjoern4tel · first_building Monastery |
| 26:41 | bjoern4tel · first_building Siege Workshop |
| 29:21 | bjoern4tel · wall_segment Stone Wall x4 |
| 31:30 | bjoern4tel · age_up imperial |
| 31:34 | bjoern4tel · first_market_buy 100 stone |
| 32:05 | bjoern4tel · first_building Castle |
| 32:11 | Tarek · wall_segment Stone Wall x38 |
| 34:31 | Tarek · age_up imperial |
| 37:04 | Tarek · wall_segment Stone Wall x49 |
| 37:49 | Tarek · wall_segment Stone Wall x10 |
| 40:00 | bjoern4tel · wall_segment Stone Wall x6 |
| 42:19 | bjoern4tel · wall_segment Stone Wall x8 |
| 42:22 | bjoern4tel · wall_segment Stone Wall x7 |
| 53:19 | Tarek · resign |
[ AI ANALYSIS · 1 CREDIT ]
What really happened in this match?
Wolo.gg analyzes every decision: build order, eco, micro, common mistakes by bracket. Personalized analysis on WhatsApp or Discord in 30 seconds.
Civ guide
Khmer
Perfil
Jugador #5805821